 Dungeon Sprint DCSS version 0.19-a0-1568-gdd01aac (webtiles) character file.

10199 poirepourri the Imperceptible (level 11, -6/50 HPs)
             Began as a Spriggan Enchanter on Sept 15, 2016.
             Was the Champion of Dithmenos.
             Mangled by a death cob (25 damage)
             ... in the Dungeon (Sprint VII: "The Pits").
             The game lasted 00:05:09 (1795 turns).

poirepourri the Imperceptible (Spriggan Enchanter)  Turns: 1795, Time: 00:05:10

Health: -6/50      AC:  4    Str:  4    XL:     11   Next: 33%
Magic:  21/30      EV: 28    Int: 21    God:    Dithmenos [******]
Gold:   0          SH:  0    Dex: 22    Spells: 5 memorised, 26 levels left

rFire  . . .     SeeInvis +     w - +2 rapier (drain)
rCold  . . .     Gourm    .     b - +1 robe
rNeg   . . .     Faith    .     (shield restricted)
rPois  .         Spirit   .     (helmet restricted)
rElec  .         Dismiss  .     x - +0 cloak
rCorr  .         Reflect  .     (gloves unavailable)
MR     +....     Harm     .     (boots unavailable)
Stlth  ++++++++++ NoTele   +    (no amulet)
                                u - +3 ring of intelligence
                                r - +3 ring of dexterity

@: wreathed by umbra, very quick
A: unfitting armour, see invisible, herbivore 3, speed 3, slow metabolism 2
a: Shadow Step, Shadow Form, Renounce Religion


You were in the Dungeon.
You worshipped Dithmenos.
Dithmenos was exalted by your worship.
You were not hungry.

You visited 1 branch

Inventory:

Hand Weapons
 a - a +1 dagger
 j - a +2 dagger of venom
 p - a +2 dagger
 q - a +0 dagger of electrocution
 w - a +2 rapier of draining (weapon)
Armour
 b - a +1 robe (worn)
 x - a +0 cloak (worn)
Jewellery
 r - a +3 ring of dexterity (left hand)
 u - a +3 ring of intelligence (right hand)
Scrolls
 l - 3 scrolls of remove curse
 m - 5 scrolls of amnesia
 n - a scroll of summoning
Potions
 e - 9 potions of curing
 f - 3 potions of heal wounds
 g - a potion of haste
 h - 3 potions of magic
 i - 5 potions of berserk rage
 k - a potion of invisibility
 s - a potion of cure mutation
 t - a potion of might
 v - a potion of brilliance
Books
 c - a book of Maledictions

   Spells                             Type                      Level
   a - Corona                         Hexes                        1
   b - Ensorcelled Hibernation        Hexes/Ice                    2
   c - Confuse                        Hexes                        3
   d - Tukima's Dance                 Hexes                        3
   e - Dazzling Spray                 Conjuration/Hexes            3
Comestibles
 d - 8 bread rations
 o - 40 fruits


   Skills:
 + Level 1.7 Fighting
 + Level 9.5 Short Blades
 + Level 9.9 Dodging
 + Level 26.1 Stealth
 + Level 14.1 Spellcasting
 + Level 0.3 Conjurations
 + Level 14.7 Hexes
 + Level 1.1 Invocations


You had 26 spell levels left.
You knew the following spells:

 Your Spells              Type           Power        Failure   Level  Hunger
a - Corona                Hex            ######.      0%          1    None
b - Ensorcelled Hibernat  Hex/Ice        #####.       1%          2    None
c - Confuse               Hex            ######..     1%          3    None
d - Tukima's Dance        Hex            ######..     1%          3    None
e - Dazzling Spray        Conj/Hex       #####.       1%          3    None


Dungeon Overview and Level Annotations

Branches:
Dungeon (1/1)

Altars:
Ashenzari
Cheibriados
Dithmenos
Elyvilon
Fedhas
Gozag
Hepliaklqana
Kikubaaqudgha
Makhleb
Nemelex Xobeh
Okawaru
Qazlal
Ru
Sif Muna
Trog
Uskayaw
Vehumet
Xom
Yredelemnul
Zin
The Shining One
Beogh
Jiyva
Lugonu


Innate Abilities, Weirdness & Mutations

You are tiny and cannot use many weapons and most armour.
You have supernaturally acute eyesight. (SInv)
You are a herbivore.
You cover ground extremely quickly.
You need consume almost no food.


Message History

The death cob resists with significant effort.
The two-headed ogre shouts in stereo!
The death cob hits you. The death cob closely misses you.
The death cob completely misses you.
A molten gargoyle comes into view. It is wielding a mace of protection.
There is an open door here.
The death cob hits you!!
Ouch! That really hurt!
You emit a cloud of dark smoke.
Casting: Confuse
Confirm with . or Enter, or press ? or * to list all spells.
Aiming: Confuse
Press: ? - help, Shift-Dir - straight line, f/p - death cob
Aim: a death cob (black smoke, umbra, chance to defeat MR: 63%)
The death cob resists with significant effort.
Your shadow mimicks your spell!
The death cob easily resists.
The death cob misses you. The death cob hits you!!
Ouch! That really hurt!
You die...

## +...# #.C.......s.+ .##
#...###...........# ..##+##.
#...'.##..l...l..# ........
##...#..###.....# .###+###
..##'##..)###.[.###
##.÷...##..#...#§§§#.......#
'..÷....+..+..)+§§§'.......#
##.....##..#†..#§§s#Y......#
.###'###...##'##@z§###...###
..........##...#§§## .9t..#
..##'##..###...+§## .......
.##))(##..##...### ..c.....
###...###..'...# ....... #
##### ######## ####


You could see a death cob and a jumping spider.

Vanquished Creatures
  A greater naga (D)
  An eidolon (D)
  A catoblepas (D)
  2 death yaks (D)
  A deep elf mage (D)
  A black mamba (D)
  3 kobold demonologists (D)
  A hellwing (D)
  An ice devil (D)
  A troll (D)
  A bog body (D)
  A snapping turtle (D)
  7 dream sheep (D)
  A shadow (D)
  6 yaks (D)
  A fire bat (D)
  A hippogriff (D)
  3 vampire mosquitoes (D)
  A soldier ant (D)
  A floating eye (D)
  A phantom (D)
  3 wolves (D)
  An ogre (D)
  2 centaurs (D)
  A jelly (D)
  An orc wizard (D)
  Jessica (D)
  A mummy (D)
  3 adders (D)
  A river rat (D)
  An adder zombie (D)
  A leopard gecko (D)
  4 orcs (D)
  A bat skeleton (D)
  A giant cockroach (D)
  A quokka (D)
  A bat (D)
  2 frilled lizards (D)
  5 kobolds (D)
68 creatures vanquished.

Vanquished Creatures (others)
  A frilled lizard (D)
1 creature vanquished.

Grand Total: 69 creatures vanquished

Notes
Turn   | Place    | Note
-------+----------+-------------------------------------------
     0 | D        | poirepourri the Spriggan Enchanter began the quest for the Orb.
     0 | D        | Reached XP level 1. HP: 9/9 MP: 5/5
    12 | D        | Reached skill level 5 in Stealth
    45 | D        | Found a radiant altar of Vehumet.
    45 | D        | Found a hide-covered altar of Uskayaw.
    45 | D        | Found an ancient bone altar of Kikubaaqudgha.
    45 | D        | Found a viscous altar of Jiyva.
    45 | D        | Found a hazy altar of Hepliaklqana.
    46 | D        | Found a bloodstained altar of Trog.
    46 | D        | Found a deep blue altar of Sif Muna.
    46 | D        | Found a sacrificial altar of Ru.
    46 | D        | Found a stormy altar of Qazlal.
    46 | D        | Found an iron altar of Okawaru.
    46 | D        | Found a sparkling altar of Nemelex Xobeh.
    46 | D        | Found an opulent altar of Gozag.
    46 | D        | Found a blossoming altar of Fedhas.
    46 | D        | Found a white marble altar of Elyvilon.
    46 | D        | Found a shadowy altar of Dithmenos.
    46 | D        | Found a snail-covered altar of Cheibriados.
    47 | D        | Found a glowing golden altar of the Shining One.
    47 | D        | Found a glowing silver altar of Zin.
    48 | D        | Found a burning altar of Makhleb.
    48 | D        | Found a basalt altar of Yredelemnul.
    48 | D        | Found a roughly hewn altar of Beogh.
    49 | D        | Found a corrupted altar of Lugonu.
    49 | D        | Found a shimmering altar of Xom.
    49 | D        | Found a shattered altar of Ashenzari.
    55 | D        | Became a worshipper of Dithmenos the Shadowed
    72 | D        | Reached skill level 7 in Stealth
    72 | D        | Reached XP level 2. HP: 13/13 MP: 6/6
    76 | D        | Learned a level 2 spell: Ensorcelled Hibernation
    83 | D        | Reached * piety under Dithmenos
    87 | D        | Reached skill level 8 in Stealth
   199 | D        | Noticed a floating eye
   206 | D        | Killed a floating eye
   206 | D        | Reached ** piety under Dithmenos
   206 | D        | Reached skill level 5 in Dodging
   206 | D        | Reached skill level 11 in Stealth
   206 | D        | Reached XP level 3. HP: 15/16 MP: 8/10
   206 | D        | Reached XP level 4. HP: 20/21 MP: 8/11
   210 | D        | Reached XP level 5. HP: 23/24 MP: 9/13
   271 | D        | Noticed a centaur
   286 | D        | Reached *** piety under Dithmenos
   286 | D        | Reached skill level 12 in Stealth
   286 | D        | Reached skill level 5 in Spellcasting
   301 | D        | Killed a centaur
   301 | D        | Reached skill level 13 in Stealth
   306 | D        | Reached **** piety under Dithmenos
   312 | D        | Reached XP level 6. HP: 20/28 MP: 7/15
   344 | D        | Learned a level 3 spell: Confuse
   374 | D        | Reached skill level 14 in Stealth
   430 | D        | Reached skill level 15 in Stealth
   432 | D        | Noticed a death yak
   434 | D        | Killed a death yak
   434 | D        | Reached skill level 18 in Stealth
   434 | D        | Reached skill level 10 in Hexes
   434 | D        | Reached XP level 7. HP: 32/32 MP: 16/20
   434 | D        | Reached XP level 8. HP: 36/36 MP: 17/22
   436 | D        | Noticed a deep elf mage
   449 | D        | Reached ***** piety under Dithmenos
   457 | D        | Killed a deep elf mage
   457 | D        | Reached skill level 19 in Stealth
   466 | D        | Reached skill level 10 in Spellcasting
   560 | D        | Noticed an ice devil
   569 | D        | Reached skill level 20 in Stealth
   583 | D        | Killed an ice devil
   930 | D        | Noticed a bog body
   931 | D        | Killed a bog body
   931 | D        | Reached skill level 21 in Stealth
   931 | D        | Reached XP level 9. HP: 39/39 MP: 19/24
   939 | D        | Learned a level 3 spell: Tukima's Dance
   943 | D        | Learned a level 3 spell: Dazzling Spray
  1021 | D        | Noticed a catoblepas
  1023 | D        | Killed a catoblepas
  1023 | D        | Reached skill level 22 in Stealth
  1048 | D        | Reached ****** piety under Dithmenos
  1057 | D        | Reached skill level 5 in Short Blades
  1126 | D        | Reached skill level 23 in Stealth
  1126 | D        | Reached XP level 10. HP: 44/44 MP: 27/27
  1136 | D        | Reached skill level 1 in Invocations
  1150 | D        | Reached skill level 24 in Stealth
  1329 | D        | Noticed a sun demon
  1354 | D        | Noticed a sixfirhy
  1719 | D        | Noticed a black mamba
  1721 | D        | Reached skill level 25 in Stealth
  1725 | D        | Killed a black mamba
  1734 | D        | Noticed a greater naga
  1735 | D        | Noticed a death yak
  1735 | D        | Noticed an eidolon
  1736 | D        | Killed a greater naga
  1736 | D        | Reached skill level 1 in Fighting
  1736 | D        | Reached XP level 11. HP: 49/49 MP: 24/29
  1737 | D        | Killed a death yak
  1739 | D        | Killed an eidolon
  1739 | D        | Reached skill level 26 in Stealth
  1784 | D        | Noticed Jessica
  1785 | D        | Noticed a hill giant
  1785 | D        | Noticed an alligator
  1785 | D        | Noticed a death cob
  1786 | D        | Killed Jessica
  1795 | D        | Mangled by a death cob

Vault maps used:
D:        pitsprint

Skill      XL: |  1  2  3  4  5  6  7  8  9 10 11 |
---------------+----------------------------------+-----
Stealth        | 7 11 13 18 21 23 25 26 | 26.1
Dodging        | 4 5 6 7 8 9 |  9.9
Short Blades   | 2 3 5 8 9 |  9.5
Spellcasting   | 4 5 9 10 12 13 14 | 14.1
Hexes          | 6 8 10 11 12 14 | 14.7
Invocations    | 1 |  1.1
Fighting       | 1 |  1.7
Conjurations   | |  0.3

Action                   |  1- 3 |  4- 6 |  7- 9 | 10-12 || total
-------------------------+-------+-------+-------+-------++-------
Melee: Dagger            |     8 |    22 |    14 |       ||    44
       Rapier            |       |       |    16 |    34 ||    50
 Cast: Ensorcelled Hiber |     3 |    11 |    10 |    15 ||    39
       Confuse           |       |     1 |     7 |     7 ||    15
       Dazzling Spray    |       |       |       |     5 ||     5
Invok: Shadow Step       |       |       |     2 |     3 ||     5
  Use: Potion            |       |     2 |     2 |     2 ||     6
       Scroll            |       |     1 |       |       ||     1
 Stab: Sleeping          |     7 |    12 |    12 |    22 ||    53
       Confused          |       |     2 |     3 |     2 ||     7
       Invisible         |       |       |     5 |       ||     5
Armor: Robe              |     1 |     2 |       |     2 ||     5
Dodge: Dodged            |     3 |     9 |    32 |    54 ||    98
